 Dungeon Crawl Stone Soup version 0.29-a0-775-g4d7333d4e2 (webtiles) character file.

Game seed: 3197904375623324637

5 purpskrrrp the Sneak (level 1, 0/15 HPs)
             Began as a Naga Enchanter on July 2, 2022.
             Slain by a frilled lizard (2 damage)
             ... on level 1 of the Dungeon.
             The game lasted 00:01:45 (117 turns).

purpskrrrp the Sneak (Naga Enchanter)                Turns: 117, Time: 00:01:45

Health: 0/15       AC:  1    Str: 10    XL:     1   Next: 80%
Magic:  3/3        EV:  9    Int: 15    God:
Gold:   23         SH:  0    Dex: 11    Spells: 4/4 levels left

rFire   . . .      SeeInvis +   a - +1 dagger
rCold   . . .      Faith    .   (no shield)
rNeg    . . .      Spirit   .   b - +0 robe
rPois   +          Reflect  .   (no helmet)
rElec   .          Harm     .   (no cloak)
rCorr   .          Rampage  .   (no gloves)
Will    .....                   (no barding)
Stlth   +++.......              (no amulet)
HPRegen 0.05/turn               (no ring)
MPRegen 0.08/turn               (no ring)

@: very slow
A: AC +0, large, see invisible, deformed body, poison resistance, slowness 2,
spit poison 1, naga tail 1
a: Spit Poison


You were on level 1 of the Dungeon.
You visited 1 branch of the dungeon, and saw 1 of its levels.

You collected 23 gold pieces.

Inventory:

Hand Weapons
 a - a +1 dagger (weapon)
Armour
 b - a +0 robe (worn)
Potions
 c - 2 potions of invisibility
 d - a potion of degeneration {unknown}
 e - a potion of attraction {unknown}
 f - a potion of brilliance {unknown}


   Skills:
 + Level 0.2 Fighting
 + Level 1.0 Short Blades
 + Level 1.6 Dodging
 + Level 4.7 Stealth
 + Level 2.0 Spellcasting
 + Level 3.0 Hexes


You had 4 spell levels left.
You didn't know any spells.
Your spell library contained the following spells:

 Spells                   Type           Power      Damage    Failure   Level
 Ensorcelled Hibernation  Hex/Ice        12%        N/A       19%         2
 Confusing Touch          Hex            10%        N/A       19%         3
 Tukima's Dance           Hex            10%        N/A       19%         3
 Dazzling Flash           Conj/Hex       12%        N/A       34%         3


Dungeon Overview and Level Annotations

Branches:
Dungeon (1/15)

Altars:


Innate Abilities, Weirdness & Mutations

Your serpentine skin is tough. (AC +0)
You have supernaturally acute eyesight. (SInv)
Armour fits poorly on your strangely shaped body.
Your system is resistant to poisons. (rPois)
You cover ground very slowly.
You can spit poison.
You have a snake-like lower body.


Message History

The bat is moderately wounded.
The bat hits you.
You hit the bat.
You kill the bat!
A bat comes into view.
The helpless kobold fails to defend itself.
You impale the kobold!!
You kill the kobold!
A frilled lizard comes into view.
The frilled lizard hisses angrily.
The bat hits you but does no damage.
You miss the bat. The bat hits you but does no damage.
You hit the bat.
The bat is moderately wounded.
The bat hits you but does no damage. The bat closely misses you.
You hit the frilled lizard but do no damage.
The bat barely misses you. The frilled lizard bites you.
You hit the bat.
The bat is severely wounded.
The bat hits you but does no damage. The frilled lizard misses you.
You hit the bat.
You kill the bat!
The frilled lizard bites you.
You are too injured to fight recklessly!
You are too injured to fight recklessly!
You are too injured to fight recklessly!
You are too injured to fight recklessly!
You are too injured to fight recklessly!
You are too injured to fight recklessly!
You miss the frilled lizard. The frilled lizard bites you.
You barely miss the frilled lizard. The frilled lizard bites you.
* * * LOW HITPOINT WARNING * * *
You closely miss the frilled lizard. The frilled lizard bites you.
* * * LOW HITPOINT WARNING * * *
You barely miss the frilled lizard. The frilled lizard barely misses you.
You hit the frilled lizard.
The frilled lizard is heavily wounded.
The frilled lizard bites you.
You die...

######## #......#
# # #......# .# #.
#......# ... .# #.
#......#...# .#
#.###...........
.##
#####...#..†...#
...
..?>......).@l.# #
######.#......#
### ####.########
..# #......#
#....###......# #
#....[.....# #
######......###
###..............
....####......####


You could see a frilled lizard.

Vanquished Creatures
  A dart slug (D:1)
  3 bats (D:1)
  A kobold (D:1)
5 creatures vanquished.

Notes
Turn   | Place    | Note
-------+----------+-------------------------------------------
     0 | D:1      | purpskrrrp the Naga Enchanter began the quest for the Orb.
     0 | D:1      | Reached XP level 1. HP: 15/15 MP: 3/3
   117 | D:1      | Slain by a frilled lizard

Illustrated notes

Levels and vault maps discovered:
D:1:      dpeg_arrival_orchard, layout_rooms,
          dreamdust_ecumenical_altar_drowned_temple

Action                   || total
-------------------------++-------
Melee: Dagger            ||    18
 Stab: Sleeping          ||     3
Armor: Robe              ||     9
Dodge: Dodged            ||     5

Table legend: (Time is in decaauts)
 A = Elapsed time spent in this place.
 B = Non-inter-level travel time spent in this place.
 C = Inter-level travel time spent in this place.
 D = Time resting spent in this place.
 E = Time spent auto-exploring this place.
 F = Levels seen in this place.
 G = Mean time per level.
                   A        B        C        D        E       F      G
               +--------+--------+--------+--------+--------+-----+--------+
         Total |    153 |    153 |      0 |      0 |     98 |   1 |  153.0 |
       Dungeon |    153 |    153 |      0 |      0 |     98 |   1 |  153.0 |
               +--------+--------+--------+--------+--------+-----+--------+

Top non-repeatable levels by time:
     D:1: 153 daAuts
